 Dungeon Crawl Stone Soup version 0.20.0-8-g6b59dc7 (webtiles) character file.

745986 manyhoops the Conqueror (level 27, -14/290 HPs)
             Began as an Ogre Gladiator on May 29, 2017.
             Was the Champion of Okawaru.
             Demolished by an Orb Guardian (27 damage)
             ... on level 5 of the Realm of Zot on May 30, 2017.
             The game lasted 05:18:16 (91974 turns).

manyhoops the Conqueror (Ogre Gladiator)           Turns: 91974, Time: 05:18:19

Health: -14/290    AC: 30    Str: 44    XL:     27
Magic:  35/35      EV: 10    Int: 12    God:    Okawaru [******]
Gold:   2537       SH:  0    Dex: 17    Spells: 28/51 levels left

rFire    + + .     SeeInvis +   o - +10 morningstar "Eos" {elec, Halo rElec}
rCold    + . .     Gourm    .   A - +1 shield of Lupawk {rPois rN+ Regen+}
rNeg     + . .     Faith    .   F - +12 gold dragon scales
rPois    +         Spirit   .   K - +2 hat {SInv}
rElec    +         Reflect  +   j - scarf {rC+ rF+}
rCorr    .         Harm     .   (gloves unavailable)
MR       +++..     Rnd*Tele +   (boots unavailable)
Stlth    ..........             x - amulet "Feotaost" {Reflect Int+7 SH+3}
Regen    1.0/turn               p - ring "Wuasegu" {Wiz *Slow Str+7 Dex+9 Stlth-}
MPRegen  0.3/turn               v - ring "Iwyifen" {rElec rPois rC- MR+ Str+4}

@: confused, about to teleport, glowing, constricted
A: unfitting armour, blurry vision 1, clumsy 1, deformed body, deterioration 1,
dopey 2, frail 1, low mp 1, screaming 1, teleportitis 1, tough skin 1, weak 1,
subdued magic 2, MP-powered wands
}: 4/15 runes: decaying, silver, abyssal, gossamer
a: Heroism, Finesse, Renounce Religion


You were on level 5 of the Realm of Zot.
You worshipped Okawaru.
Okawaru was exalted by your worship.
You were not hungry.

You visited 11 branches of the dungeon, and saw 55 of its levels.
You visited the Abyss 2 times.
You also visited: Ice Cave.

You collected 8733 gold pieces.
You spent 6196 gold pieces at shops.

Inventory:

Hand Weapons
 o - the +10 morningstar "Eos" (weapon) {elec, Halo rElec}
   (You bought it in a shop on level 4 of the Depths)

   Occasionally, upon striking a foe, it will discharge some electrical energy
   and cause terrible harm.
   It insulates you from electricity.
Missiles
 a - 5 silver tomahawks
 D - 2 poisoned javelins
 I - 24 javelins of penetration
 M - 4 throwing nets
 N - 90 large rocks (quivered)
 W - 4 steel javelins
Armour
 j - a scarf of resistance (worn)
 A - the +1 shield of Lupawk (worn) {rPois rN+ Regen+}
   (You bought it in a shop on level 2 of the Orcish Mines)

   It protects you from poison.
   It protects you from negative energy.
   It increases your rate of regeneration.
 F - +12 gold dragon scales (worn)
 K - a +2 hat of see invisible (worn)
Jewellery
 p - the ring "Wuasegu" (left hand) {Wiz *Slow Str+7 Dex+9 Stlth-}
   (You took it off a fire giant on level 5 of the Vaults)

   [ring of wizardry]

   It improves your spell success rate.
   It affects your strength (+7).
   It affects your dexterity (+9).
   It may slow you when you take damage.
   It makes you less stealthy.
 u - an uncursed ring of protection from fire
 v - the ring "Iwyifen" (right hand) {rElec rPois rC- MR+ Str+4}
   (You took it off a deep elf archer on level 3 of the Elven Halls)

   [ring of poison resistance]

   It affects your strength (+4).
   It makes you vulnerable to cold.
   It insulates you from electricity.
   It protects you from poison.
   It affects your resistance to hostile enchantments.
 x - the amulet "Feotaost" (around neck) {Reflect Int+7 SH+3}
   (You found it on level 1 of the Vaults)

   [amulet of reflection]

   It shields you and reflects attacks.
   It affects your intelligence (+7).
   It affects your SH (+3).
 P - an uncursed ring of protection from fire
 R - an uncursed ring of ice
 T - an uncursed ring of protection from magic
 V - an uncursed ring of protection from cold
Wands
 f - a wand of flame (20/48)
 r - a wand of iceblast (5/15)
 E - a wand of flame (31/48)
 Q - a wand of disintegration (9/24)
 S - a wand of clouds (6/9)
 X - a wand of flame (17/48)
 Y - a wand of digging (5/24)
Scrolls
 e - 4 scrolls of recharging
 g - 4 scrolls of silence
 h - a scroll of teleportation
 l - 20 scrolls of remove curse
 t - 12 scrolls of amnesia
 y - 4 scrolls of enchant weapon
 G - 9 scrolls of magic mapping
 H - 4 scrolls of fear
 L - 3 scrolls of identify
 U - a scroll of enchant armour
 Z - 4 scrolls of fog
Potions
 d - 19 potions of curing
 i - 7 potions of agility
 k - 9 potions of ambrosia
 m - 4 potions of berserk rage
 n - 2 potions of resistance
 q - 13 potions of brilliance
 s - 8 potions of flight
 B - 4 potions of cancellation
 C - 8 potions of heal wounds
 J - 7 potions of might
 O - 12 potions of haste
Miscellaneous
 b - 3 boxes of beasts
Comestibles
 c - 2 royal jellies
 z - 18 meat rations


   Skills:
 O Level 27 Fighting
 - Level 23.0 Maces & Flails
 O Level 27 Throwing
 - Level 18.0 Armour
 + Level 12.4 Dodging
 - Level 9.0 Shields
 - Level 12.5 Spellcasting
 - Level 5.5 Hexes
 - Level 3.9 Charms
 - Level 3.0 Necromancy
 - Level 3.0 Translocations
 - Level 6.0 Invocations


You had 28 spell levels left.
You knew the following spells:

 Your Spells              Type           Power        Failure   Level  Hunger
a - Spectral Weapon       Hex/Chrm       ##......     6%          3    None
b - Regeneration          Chrm/Necr      #.........   12%         3    None
c - Shroud of Golubria    Chrm/Tloc      #.........   5%          2    None
d - Blink                 Tloc           N/A          7%          2    None
e - Inner Flame           Hex/Fire       #.......     16%         3    None
f - Ensorcelled Hibernat  Hex/Ice        #.....       8%          2    None
g - Stone Arrow           Conj/Erth      #.....       45%         3    None
h - Apportation           Tloc           #.....       4%          1    None
i - Passwall              Tmut/Erth      #.........   26%         2    None
j - Swiftness             Chrm/Air       #.......     11%         2    None


Dungeon Overview and Level Annotations

Branches:
Dungeon (15/15)            Temple (1/1) D:7            Lair (6/6) D:9
  Swamp (4/4) Lair:3       Spider (4/4) Lair:4        Slime (5/5) Lair:6
    Orc (2/2) D:11            Elf (3/3) Orc:2        Vaults (5/5) D:13
  Crypt (0/3) Vaults:3     Depths (5/5) D:15            Zot (5/5) Depths:5

Altars:
Ashenzari
Cheibriados
Dithmenos
Elyvilon
Fedhas
Gozag
Hepliaklqana
Kikubaaqudgha
Makhleb
Nemelex Xobeh
Okawaru
Qazlal
Ru
Sif Muna
Trog
Uskayaw
Vehumet
Xom
Yredelemnul
Zin
The Shining One
Beogh
Jiyva

Shops:
D:7 *   Orc:1 *   Orc:2 *(([   Elf:1 =%   Vaults:2 !   Vaults:3 ?
Vaults:5 %%%   Depths:2 !   Depths:4 :*!*

Portals:
Hell: Depths:1 Depths:2 Depths:3 Depths:4 Depths:5
Abyss: Depths:4 Depths:5
Pandemonium: Depths:1 Depths:3 Depths:5
Ziggurat: Depths:5

Annotations:
D:3 Eustachio
Lair:3 1 runed door
Slime:5 Royal Jelly


Innate Abilities, Weirdness & Mutations

You are too large for most types of armour.
You have tough skin. (AC +1)
Scrolls take you a little longer to read.
You are clumsy. (Dex -2)
Armour fits poorly on your strangely shaped body.
Your body sometimes deteriorates upon taking damage.
You are very dopey. (Int -4)
You are frail. (-10% HP)
Your magical capacity is low. (-10% MP)
You occasionally shout uncontrollably at your foes.
You are occasionally teleported next to monsters.
You are weak. (Str -2)
Your spells are easier to cast, but less powerful.
You expend magic power (3 MP) to strengthen your wands.


Message History

* * * LOW HITPOINT WARNING * * *
The tentacled monstrosity tentacle-slaps you but does no damage.
The tentacled monstrosity closely misses you.
The tentacled monstrosity grabs you.
* * * LOW HITPOINT WARNING * * *
The tentacled monstrosity constricts you!
The white draconian hits you but does no damage.
The Orb Guardian hits you but does no damage. x2
The golden dragon bites you!!
* * * LOW HITPOINT WARNING * * *
The golden dragon claws you but does no damage.
The golden dragon tramples you but does no damage.
The tentacled monstrosity tentacle-slaps you but does no damage. x3
* * * LOW HITPOINT WARNING * * *
The tentacled monstrosity constricts you!
The Orb Guardian hits you.
* * * LOW HITPOINT WARNING * * *
The purple draconian hits you but does no damage.
The Orb Guardian hits you!!
You die...

##.......((.^..
#...
#((...........(..
#..
#............(...
##.
#..........(.....
#.
#......(.........
##
#...(..(.........
#
#.....((.d.......
##
#.....X*Xd......
#.
##....dX@d......
#.
##...dDX.......
.. ##############
#


You could see an orb of fire, a tentacled monstrosity, a golden dragon, a yellow
draconian, a green draconian, a purple draconian, 2 draconians and 3 Orb
Guardians.

Vanquished Creatures
  5 orbs of fire
  2 juggernauts
  2 ancient liches (Zot:5)
  Bai Suzhen (Depths:2)
  Boris (Vaults:3)
  2 caustic shrikes (Depths:4)
  Xtahua (Depths:2)
  2 curse toes (Zot:4)
  14 golden dragons
  2 Killer Klowns
  The ghost of PeterMcNeter the Warrior, a veteran MiBe of Trog (Vaults:5)
  2 bone dragons
  A profane servitor (Abyss:1)
  Jory (Depths:5)
  Arachne (Spider:4)
  4 electric golems
  Jorgrun (Depths:2)
  8 liches
  4 titans
  18 Orb Guardians (Zot:5)
  22 tentacled monstrosities
  6 quicksilver dragons
  2 deep elf blademasters
  The ghost of zhorgal the Executioner, an adept MiBe of Trog (Elf:1)
  6 death cobs
  A kraken (Abyss:3)
  An Executioner (Abyss:3)
  6 sphinxes
  20 acid blobs
  12 tentacled starspawn
  4 thorn hunters
  Frances (D:12)
  10 shadow dragons
  12 tengu reavers
  A revenant (Depths:2)
  6 draconian monks
  18 azure jellies
  An azure jelly (shapeshifter) (Depths:1)
  15 fire giants
  18 storm dragons
  An orc warlord (Orc:1)
  Louise (D:15)
  7 deep elf sorcerers
  7 emperor scorpions (Spider:4)
  3 draconian knights
  6 iron dragons
  Aizul (Spider:4)
  11 frost giants
  10 draconian scorchers
  A cacodemon (Abyss:2)
  17 vault wardens
  13 draconian stormcallers
  10 draconian annihilators
  5 draconian shifters
  15 ironheart preservers
  2 ghost moths
  18 very ugly things
  2 ophanim (Abyss:3)
  3 balrugs
  4 spriggan defenders
  A ghoul (Vaults:3)
  3 deep elf elementalists
  An angel (Abyss:2)
  5 entropy weavers
  27 stone giants
  2 caustic shrike skeletons
  8 vampire knights
  An entropy weaver (shapeshifter) (Vaults:1)
  9 black draconians
  2 lorocyprocas
  12 deep elf demonologists
  11 green draconians
  16 yellow draconians
  6 purple draconians
  7 red draconians
  A spark wasp (Depths:4)
  A dire elephant (D:15)
  Azrael (Elf:1)
  2 eidola (Abyss:1)
  11 deep elf annihilators
  11 white draconians
  15 ettins
  A green death (Abyss:1)
  A quicksilver dragon zombie (Abyss:3)
  5 jiangshi
  2 blizzard demons
  14 deep elf death magi
  7 deep elf high priests
  19 death oozes
  18 fire dragons
  17 ice dragons
  Fannar (D:11)
  6 rakshasas
  A quicksilver dragon skeleton (Abyss:3)
  19 great orbs of eyes
  22 yaktaur captains
  16 hydras
  A monstrous demonspawn (Depths:3)
  The ghost of smedtjen the Protected, a journeyman DsAK of Lugonu (Orc:1)
  36 vault guards
  The ghost of cereshysteria the Slicer, a journeyman MiFi of Kikubaaqudgha (Orc:1)
  A ghost crab (Abyss:3)
  2 death knights (Vaults:3)
  57 two-headed ogres
  28 dancing weapons
  5 tengu warriors
  10 centaur warriors
  16 ogre magi
  5 alligators
  13 deep troll shamans
  7 death yaks
  7 deep troll earth magi
  5 spriggan berserkers
  A titan zombie (Depths:2)
  A shock serpent (shapeshifter) (Vaults:1)
  13 thrashing horrors
  2 orc high priests (Orc:2)
  2 vampire magi
  A storm dragon zombie (Depths:2)
  5 sun demons
  29 deep elf knights
  A titan skeleton (Depths:2)
  Sonja (D:12)
  A soul eater (Abyss:2)
  3 spatial maelstroms
  10 wretched stars
  6 iron trolls
  2 golden dragon zombies (Depths:2)
  7 sixfirhies
  A fire crab (Abyss:3)
  A shadow wraith (Abyss:1)
  12 hell knights
  A shadow demon (Abyss:3)
  An unseen horror (Abyss:2)
  6 glowing orange brains
  4 wizards
  26 deep trolls
  A spriggan druid (Swamp:4)
  2 gelid demonspawn
  A lindwurm (Lair:6)
  A sea snake (shapeshifter) (D:13)
  27 large abominations
  7 shambling mangroves
  13 swamp dragons
  4 harpies (Vaults:5)
  8 flayed ghosts
  23 ironbrand convokers
  6 phantasmal warriors
  27 deep elf archers
  9 necromancers
  A wolf spider (shapeshifter) (Depths:1)
  14 orc knights
  A lindwurm (shapeshifter) (Vaults:5)
  33 wolf spiders
  2 tengu skeletons
  A fire giant zombie (Depths:1)
  2 mana vipers (shapeshifter)
  14 orb spiders
  A wolf spider zombie (D:14)
  46 ugly things
  10 cyclopes
  A stone giant zombie (Abyss:2)
  A shadow dragon skeleton (Depths:2)
  3 orc sorcerers
  3 fauns (shapeshifter)
  76 deep elf magi
  A cyclops (shapeshifter) (Vaults:4)
  3 manticores
  5 oklob plants
  A salamander (D:14)
  8 worldbinders
  3 shining eyes
  29 moths of wrath
  A frost giant skeleton (Depths:4)
  11 elephants
  9 black mambas
  Joseph (D:9)
  A dire elephant zombie (Abyss:3)
  An ice statue (IceCv)
  A centaur zombie (D:13)
  17 vault sentinels
  A stone giant skeleton (Depths:2)
  2 apocalypse crabs (Abyss:3)
  A guardian serpent (Abyss:2)
  3 rust devils
  A fire giant skeleton (Depths:2)
  A guardian serpent (shapeshifter) (Depths:2)
  5 eyes of devastation
  A torpor snail (shapeshifter) (Vaults:4)
  An eye of devastation (shapeshifter) (D:13)
  15 smoke demons
  29 spiny frogs
  5 orange demons
  A centaur skeleton (D:15)
  3 hellions
  A dire elephant skeleton (Abyss:1)
  4 efreet
  A rime drake (shapeshifter) (Vaults:3)
  5 kobold demonologists
  A tormentor (Abyss:3)
  7 rime drakes
  6 demonic crawlers
  9 komodo dragons
  2 ice devils
  61 yaktaurs
  13 freezing wraiths
  A hellwing (Abyss:1)
  A yaktaur skeleton (Depths:1)
  13 ancient zymes
  A golden dragon simulacrum (Depths:4)
  2 tengu conjurers (Depths:4)
  29 jumping spiders
  A polar bear (shapeshifter) (Depths:1)
  2 red devils (Abyss:1)
  An elf skeleton (Depths:4)
  11 trolls
  A troll (shapeshifter) (Vaults:3)
  A merfolk (shapeshifter) (Depths:1)
  A meliai (shapeshifter) (Vaults:4)
  3 meliai (D:15)
  18 hornets
  13 tyrant leeches
  A slime creature (shapeshifter) (Vaults:1)
  16 polar bears
  10 bog bodies
  29 blink frogs
  A hydra skeleton (Abyss:2)
  86 slime creatures
  30 raiju
  A hippogriff (shapeshifter) (Vaults:1)
  10 hippogriffs
  2 spriggan skeletons
  2 spriggan zombies (Depths:2)
  An ettin skeleton (Vaults:1)
  3 air elementals
  A fire dragon skeleton (Abyss:1)
  11 flying skulls
  56 yaks
  14 ynoxinuls
  10 shadows
  5 water elementals
  A wraith (Vaults:1)
  2 spriggans (Depths:3)
  20 tarantellas
  A tarantella (shapeshifter) (D:15)
  A basilisk (shapeshifter) (Depths:3)
  68 redbacks
  7 wyverns
  A hog (shapeshifter) (D:13)
  2 vampires
  A yak (shapeshifter) (Depths:3)
  4 golden eyes
  4 basilisks
  5 chaos spawn
  A hungry ghost (D:11)
  30 small abominations
  3 fire elementals (Elf:1)
  25 vampire mosquitoes
  24 swamp worms
  8 neqoxecs
  6 spatial vortices
  7 wargs
  28 insubstantial wisps
  Edmund (D:4)
  A soldier ant (shapeshifter) (Vaults:3)
  2 tengu zombies (Depths:2)
  10 water moccasins
  10 porcupines
  A floating eye (Depths:4)
  8 hell hounds
  2 acid dragons (Vaults:2)
  A floating eye (shapeshifter) (Vaults:1)
  5 ice beasts
  An ice beast (shapeshifter) (Vaults:4)
  8 swamp drakes
  7 sky beasts
  2 phantoms
  49 orc warriors
  4 human zombies
  A sky beast (shapeshifter) (D:15)
  3 black bears
  2 black bears (shapeshifter)
  A necrophage (Swamp:1)
  50 ogres
  9 eyes of draining
  65 starcursed masses
  An ogre (shapeshifter) (Abyss:1)
  40 wolves
  16 boggarts
  17 centaurs
  9 crocodiles
  11 big kobolds
  35 bullfrogs
  2 wyvern skeletons
  A gnoll sergeant (D:11)
  10 earth elementals
  8 scorpions
  An oklob sapling (Swamp:3)
  6 killer bees (D:7)
  4 electric eels
  15 wights
  2 howler monkeys
  8 crimson imps
  A bullfrog zombie (D:7)
  A human simulacrum (Vaults:3)
  7 jellies
  26 orc priests
  5 hounds
  6 quasits
  5 bullfrog skeletons
  30 orc wizards
  7 iron imps
  6 iguanas
  Ijyb (D:4)
  14 worker ants
  18 gnolls
  17 adders
  A howler monkey skeleton (D:9)
  2 shadow imps
  8 white imps
  5 ufetubi
  2 oozes (D:3)
  3 adder skeletons
  An adder zombie (D:9)
  3 worms (D:2)
  A dart slug (D:2)
  5 leopard geckos
  113 orcs
  6 bats
  4 giant cockroaches
  2 gnoll zombies (D:6)
  10 goblins
  3 hobgoblins (D:2)
  14 jackals
  2 quokkas
  A ball python (D:1)
  7 frilled lizards
  20 kobolds
  9 rats
  3 plants (Lair:6)
  12 starspawn tentacles
3063 creatures vanquished.

Vanquished Creatures (collateral kills)
  A tentacled monstrosity (Abyss:3)
  An apocalypse crab (Abyss:3)
  A hornet (Abyss:3)
  A raiju (Abyss:3)
  3 yaks (Lair:3)
7 creatures vanquished.

Vanquished Creatures (others)
  Nikola (Spider:3)
  2 deep elf master archers (Elf:3)
  A fire giant (Depths:4)
  2 stone giants
  A yaktaur captain (Vaults:5)
  A centaur warrior (Vaults:4)
  An ogre mage (Vaults:1)
  A deep elf knight (Elf:3)
  An unseen horror (D:12)
  A deep elf archer (Vaults:2)
  A rime drake (Swamp:3)
  A kobold demonologist (D:12)
  5 yaktaurs
  An ancient zyme (Abyss:3)
  A tengu conjurer (Depths:4)
  A jumping spider (Spider:1)
  A hornet (Abyss:3)
  A wraith (Abyss:3)
  An orc warrior (Vaults:5)
  2 ogres
  2 orcs
  4 briar patches (Swamp:3)
  2 bushes
  22 fungi
  3 lurking horrors
  73 plants
  140 spectral weapons
  43 starspawn tentacles
  4 tentacles (Abyss:3)
  17 toadstools (Lair:3)
  24 withered plants (Swamp:1)
361 creatures vanquished.

Grand Total: 3431 creatures vanquished

Notes
Turn   | Place    | Note
-------+----------+-------------------------------------------
     0 | D:1      | manyhoops the Ogre Gladiator began the quest for the Orb.
     0 | D:1      | Reached XP level 1. HP: 22/22 MP: 1/1
   271 | D:1      | Reached XP level 2. HP: 26/31 MP: 2/2
   907 | D:2      | Found a hide-covered altar of Uskayaw.
   923 | D:2      | Reached XP level 3. HP: 37/37 MP: 3/3
  1450 | D:2      | Reached XP level 4. HP: 47/48 MP: 4/4
  2361 | D:3      | Reached XP level 5. HP: 54/54 MP: 5/5
  2873 | D:3      | Reached skill level 5 in Maces & Flails
  3015 | D:4      | Reached XP level 6. HP: 60/63 MP: 6/6
  3027 | D:4      | Found a shimmering altar of Xom.
  3317 | D:4      | Reached skill level 5 in Fighting
  3319 | D:4      | Noticed Edmund
  3598 | D:4      | Found a radiant altar of Vehumet.
  3598 | D:4      | Noticed Eustachio
  3628 | D:4      | Found a shimmering altar of Xom.
  3628 | D:4      | Found a shimmering altar of Xom.
  3629 | D:4      | Found a shimmering altar of Xom.
  3669 | D:4      | Noticed Ijyb
  3747 | D:4      | Killed Edmund
  3747 | D:4      | Reached XP level 7. HP: 72/72 MP: 7/7
  3950 | D:5      | Entered Level 5 of the Dungeon
  4142 | D:5      | Found a bloodstained altar of Trog.
  4276 | D:5      | Found an ancient bone altar of Kikubaaqudgha.
  4580 | D:4      | Found a glowing silver altar of Zin.
  4581 | D:4      | Noticed an angel
  4609 | D:4      | Found a sparkling altar of Nemelex Xobeh.
  4831 | D:4      | Killed Ijyb
  5265 | D:6      | Reached XP level 8. HP: 38/83 MP: 8/8
  5637 | D:6      | Found a snail-covered altar of Cheibriados.
  6394 | D:6      | Found a basalt altar of Yredelemnul.
  6935 | D:7      | Found a hazy altar of Hepliaklqana.
  7214 | D:7      | Found a staircase to the Ecumenical Temple.
  7233 | Temple   | Entered the Ecumenical Temple
  7281 | Temple   | Became a worshipper of Warmaster Okawaru
  7370 | D:7      | Reached XP level 9. HP: 48/96 MP: 9/9
  8207 | D:7      | Found Gagyziss's General Store.
  8211 | D:7      | Bought a scroll of identify for 30 gold pieces
  8211 | D:7      | Bought a scroll of identify for 30 gold pieces
  8563 | D:7      | Found a deep blue altar of Sif Muna.
  8606 | D:7      | Noticed a hornet
  8612 | D:7      | Killed a hornet
  8612 | D:7      | Reached * piety under Okawaru
  8612 | D:7      | Reached skill level 10 in Maces & Flails
  9893 | D:8      | Reached ** piety under Okawaru
 10213 | D:8      | Reached skill level 10 in Fighting
 10213 | D:8      | Reached XP level 10. HP: 18/110 MP: 10/10
 10701 | D:8      | Noticed a two-headed ogre
 10974 | D:8      | Gained mutation: You are partially covered in large bone plates. (SH +4) [mutagenic meat]
 10975 | D:8      | Gained mutation: You have large cloven feet. [mutagenic meat]
 10976 | D:8      | Gained mutation: You possess an exceptional clarity of mind. [mutagenic meat]
 11093 | D:8      | Found a blossoming altar of Fedhas.
 11312 | D:8      | Reached skill level 5 in Throwing
 11407 | D:8      | Killed a two-headed ogre
 11407 | D:8      | Reached *** piety under Okawaru
 11707 | D:9      | Noticed Joseph
 11709 | D:9      | Killed Joseph
 12112 | D:9      | Reached **** piety under Okawaru
 12112 | D:9      | Received a gift from Okawaru
 12372 | D:9      | Found a staircase to the Lair.
 12497 | D:10     | Entered Level 10 of the Dungeon
 12529 | D:10     | Reached XP level 11. HP: 113/117 MP: 11/11
 12579 | D:10     | Received a gift from Okawaru
 12838 | D:10     | Noticed a two-headed ogre
 13058 | D:10     | Received a gift from Okawaru
 13127 | D:10     | Killed a two-headed ogre
 13257 | D:10     | Received a gift from Okawaru
 13617 | D:11     | Noticed a manticore
 13620 | D:11     | Killed a manticore
 13626 | D:11     | Noticed a red ugly thing
 13708 | D:10     | Reached ***** piety under Okawaru
 13765 | Lair:1   | Entered Level 1 of the Lair of Beasts
 13778 | Lair:1   | Received a gift from Okawaru
 14027 | D:9      | Received a gift from Okawaru
 14419 | Lair:1   | Received a gift from Okawaru
 14593 | Lair:1   | Noticed a six-headed hydra
 14841 | Lair:1   | Killed a six-headed hydra
 14841 | Lair:1   | Received a gift from Okawaru
 14841 | Lair:1   | Reached XP level 12. HP: 116/126 MP: 9/12
 15634 | Lair:2   | Noticed a seven-headed hydra
 15640 | Lair:2   | Killed a seven-headed hydra
 16096 | Lair:2   | Reached skill level 15 in Maces & Flails
 16760 | Lair:3   | Found a frozen archway.
 16842 | IceCv    | Entered an ice cave
 17201 | IceCv    | Noticed a death yak
 17222 | IceCv    | Killed a death yak
 17345 | IceCv    | Received a gift from Okawaru
 17428 | IceCv    | Reached XP level 13. HP: 132/133 MP: 11/13
 18390 | IceCv    | Noticed a frost giant
 18402 | IceCv    | Killed a frost giant
 18406 | IceCv    | HP: 4/141 [death yak (23)]
 18831 | IceCv    | Received a gift from Okawaru
 19122 | Lair:3   | Found a staircase to the Swamp.
 19170 | Lair:3   | Reached skill level 1 in Invocations
 19294 | Lair:3   | Received a gift from Okawaru
 19504 | Lair:3   | Received a gift from Okawaru
 19642 | Lair:3   | Found a runed door.
 19743 | Lair:3   | Lost mutation: You possess an exceptional clarity of mind. [potion of mutation]
 19743 | Lair:3   | Lost mutation: You are partially covered in large bone plates. (SH +4) [potion of mutation]
 19743 | Lair:3   | Lost mutation: You have large cloven feet. [potion of mutation]
 19743 | Lair:3   | Gained mutation: You are robust. (+10% HP) [potion of mutation]
 19743 | Lair:3   | Gained mutation: You are covered in fur. (AC +1) [potion of mutation]
 19743 | Lair:3   | Gained mutation: You have a pair of small antennae on your head. [potion of mutation]
 19743 | Lair:3   | Gained mutation: You have a pair of antennae on your head. [potion of mutation]
 20221 | Lair:4   | Reached skill level 5 in Invocations
 20440 | Lair:4   | Reached skill level 1 in Armour
 20637 | Lair:4   | Found a hole to the Spider Nest.
 20922 | Lair:5   | Identified Hermeneutics, Part Three
 21691 | Lair:5   | You fall through a shaft!
 21691 | Lair:6   | Entered Level 6 of the Lair of Beasts
 22065 | Lair:5   | Reached XP level 14. HP: 111/168 MP: 16/18
 22355 | Lair:6   | Reached skill level 5 in Armour
 23017 | Lair:6   | Learned a level 3 spell: Spectral Weapon
 23021 | Lair:6   | Learned a level 3 spell: Regeneration
 23024 | Lair:6   | Learned a level 2 spell: Shroud of Golubria
 23073 | Lair:6   | Reached skill level 1 in Spellcasting
 23088 | Lair:6   | Reached skill level 1 in Hexes
 23148 | Lair:5   | Received a gift from Okawaru
 24695 | Lair:6   | Reached skill level 1 in Charms
 27199 | D:11     | You fall through a shaft!
 27239 | D:12     | Got a bloodstained rapier
 27240 | D:12     | Identified the +6 rapier of the Abyss {drain, MR+} (You found it on level 12 of the Dungeon)
 27319 | D:11     | Reached skill level 15 in Fighting
 27397 | D:11     | Paralysed by a hornet for 3 turns
 27404 | D:11     | Paralysed by a hornet for 3 turns
 27412 | D:11     | Reached XP level 15. HP: 89/183 MP: 19/21
 27924 | D:11     | Received a gift from Okawaru
 28077 | D:11     | Noticed Fannar
 28096 | D:11     | Killed Fannar
 28141 | D:11     | Found a staircase to the Orcish Mines.
 28658 | D:11     | Learned a level 2 spell: Blink
 28878 | D:12     | Noticed Frances
 28959 | D:12     | Killed Frances
 28978 | D:12     | Found a blossoming altar of Fedhas.
 29348 | D:12     | Noticed Sonja
 29396 | D:12     | Killed Sonja
 30747 | D:13     | Found a gate to the Vaults.
 31297 | D:14     | Received a gift from Okawaru
 31812 | D:15     | Entered Level 15 of the Dungeon
 31832 | D:14     | Received a gift from Okawaru
 32385 | D:15     | Received a gift from Okawaru
 32388 | D:15     | Got a jewelled scarf {god gift}
 32403 | D:14     | Identified the scarf of Vaec {Str+3 Stlth+} (Okawaru gifted it to you on level 15 of the Dungeon)
 33348 | D:15     | Reached skill level 5 in Hexes
 33348 | D:15     | Reached XP level 16. HP: 208/210 MP: 22/22
 33413 | D:15     | Reached XP level 17. HP: 180/217 MP: 23/23
 33431 | D:15     | Learned a level 3 spell: Inner Flame
 33448 | D:15     | Found a blossoming altar of Fedhas.
 33672 | D:15     | Reached skill level 5 in Spellcasting
 33752 | D:15     | Noticed Louise
 33769 | D:15     | Killed Louise
 34122 | D:15     | Found a staircase to the Depths.
 34243 | Orc:1    | Entered Level 1 of the Orcish Mines
 34361 | Orc:1    | Found Lixej's Assorted Antiques.
 34369 | Orc:1    | Noticed cereshysteria's ghost (journeyman MiFi)
 34408 | Orc:1    | Killed cereshysteria's ghost
 34427 | Orc:1    | Bought a glowing cyan potion for 19 gold pieces
 34427 | Orc:1    | Bought a scroll of enchant armour for 165 gold pieces
 34427 | Orc:1    | Bought a scroll of teleportation for 66 gold pieces
 34427 | Orc:1    | Bought a potion of heal wounds for 110 gold pieces
 34523 | Orc:1    | Noticed smedtjen's ghost (journeyman DsAK)
 34551 | Orc:1    | Killed smedtjen's ghost
 34907 | Orc:2    | Entered Level 2 of the Orcish Mines
 35306 | Orc:2    | Found a staircase to the Elven Halls.
 35662 | Orc:2    | Found a roughly hewn altar of Beogh.
 35820 | Orc:2    | Found a roughly hewn altar of Beogh.
 35824 | Orc:2    | Found Ximp's Assorted Antiques.
 35836 | Orc:2    | Bought a jade ring for 115 gold pieces
 35836 | Orc:2    | Bought 2 scrolls of enchant armour for 345 gold pieces
 35836 | Orc:2    | Bought a scroll of identify for 46 gold pieces
 35836 | Orc:2    | Bought a scroll of identify for 46 gold pieces
 35898 | Orc:2    | Found a roughly hewn altar of Beogh.
 36011 | Orc:2    | Found a roughly hewn altar of Beogh.
 36122 | Orc:2    | Found a roughly hewn altar of Beogh.
 36166 | Orc:2    | Found Zekioc's Weapon Shop.
 36378 | Orc:2    | Found Zarag's Antique Armour Boutique.
 36378 | Orc:2    | Found a roughly hewn altar of Beogh.
 36379 | Orc:2    | Found Meanegei's Antique Weapon Shop.
 36398 | Orc:2    | Bought a heavily runed shield for 247 gold pieces
 36403 | Orc:2    | Identified the +1 shield of Lupawk {rPois rN+ Regen+} (You bought it in a shop on level 2 of the Orcish Mines)
 36662 | Swamp:1  | Entered Level 1 of the Swamp
 36891 | Swamp:1  | Reached skill level 1 in Shields
 37125 | Swamp:1  | Received a gift from Okawaru
 38355 | Swamp:2  | Reached skill level 5 in Shields
 39563 | Swamp:3  | Paralysed by a hornet for 1 turns
 39803 | Swamp:3  | Received a gift from Okawaru
 40789 | Swamp:3  | Received a gift from Okawaru
 41013 | Swamp:3  | Got a fine robe
 41024 | Swamp:3  | Identified the +1 robe of Furr {rN++ Regen+ Dex-3 Stlth+} (You found it on level 3 of the Swamp)
 41490 | Swamp:4  | Entered Level 4 of the Swamp
 41508 | Swamp:4  | Received a gift from Okawaru
 41527 | Swamp:3  | Reached XP level 18. HP: 159/228 MP: 22/31
 41839 | Swamp:4  | Reached skill level 10 in Spellcasting
 42176 | Swamp:4  | Got a decaying rune of Zot
 42232 | Swamp:4  | Received a gift from Okawaru
 42869 | Spider:1 | Entered Level 1 of the Spider Nest
 43296 | Spider:1 | Reached skill level 1 in Necromancy
 43296 | Spider:1 | Reached skill level 1 in Translocations
 46534 | Spider:3 | Noticed Nikola
 46660 | Spider:3 | Killed Nikola
 46706 | Spider:4 | Entered Level 4 of the Spider Nest
 46875 | Spider:4 | Received a gift from Okawaru
 46916 | Spider:4 | Noticed Aizul
 46933 | Spider:4 | Killed Aizul
 47002 | Spider:4 | Reached XP level 19. HP: 69/238 MP: 11/35
 47417 | Spider:4 | Noticed Arachne
 47440 | Spider:4 | Killed Arachne
 47440 | Spider:4 | Reached skill level 10 in Armour
 48643 | Spider:4 | Received a gift from Okawaru
 48734 | Spider:4 | Got a gossamer rune of Zot
 49430 | Vaults:1 | Entered Level 1 of the Vaults
 50170 | Vaults:1 | Reached skill level 10 in Throwing
 50952 | D:13     | Reached ****** piety under Okawaru
 51580 | Vaults:1 | Reached XP level 20. HP: 157/257 MP: 23/36
 51688 | Vaults:1 | Received a gift from Okawaru
 51844 | Vaults:1 | Received a gift from Okawaru
 51859 | Vaults:1 | Got smoking acid dragon scales {god gift}
 51870 | Vaults:1 | Identified the +4 acid dragon scales of Kynim {rElec rCorr} (Okawaru gifted it to you on level 1 of the Vaults)
 51942 | Vaults:1 | Paralysed by a floating eye for 3 turns
 52167 | Vaults:1 | Got a slimy lead amulet
 52168 | Vaults:1 | Identified the amulet "Feotaost" {Reflect Int+7 SH+3} (You found it on level 1 of the Vaults)
 53327 | Vaults:2 | Found an opulent altar of Gozag.
 53617 | Vaults:2 | Received a gift from Okawaru
 54031 | Vaults:2 | Found Ypigucwi's Distillery.
 54035 | Vaults:2 | Bought 2 potions of ambrosia for 224 gold pieces
 54035 | Vaults:2 | Bought 2 potions of berserk rage for 140 gold pieces
 54554 | Vaults:2 | Reached skill level 15 in Throwing
 54665 | Vaults:3 | Paralysed by a sphinx for 2 turns
 54682 | Vaults:2 | Paralysed by a sphinx for 4 turns
 55071 | Vaults:2 | Received a gift from Okawaru
 55972 | Vaults:2 | Received a gift from Okawaru
 55975 | Vaults:2 | Reached XP level 21. HP: 188/265 MP: 35/37
 56106 | D:12     | Learned a level 2 spell: Ensorcelled Hibernation
 56110 | D:12     | Learned a level 3 spell: Stone Arrow
 56120 | D:12     | Upgraded the game from 0.20.0-7-g3b7b877 to 0.20.0-8-g6b59dc7
 56935 | Vaults:3 | Received a gift from Okawaru
 57346 | Vaults:3 | Received a gift from Okawaru
 57446 | Vaults:3 | Found Veocosil's Magic Scroll Shoppe.
 57453 | Vaults:3 | Bought a scroll of acquirement for 936 gold pieces
 57453 | Vaults:3 | Bought a scroll of teleportation for 54 gold pieces
 57453 | Vaults:3 | Bought a scroll of fear for 63 gold pieces
 58051 | Vaults:3 | Noticed Boris
 58064 | Vaults:3 | Killed Boris
 58695 | Vaults:3 | Found a staircase to the Crypt.
 59395 | Vaults:4 | Received a gift from Okawaru
 60070 | Vaults:4 | Reached XP level 22. HP: 184/282 MP: 38/38
 61093 | Vaults:1 | Identified the Almanac of Doomed Battle Magic
 61280 | Elf:1    | Entered Level 1 of the Elven Halls
 61391 | Elf:1    | Found Anaom's Jewellery Shoppe.
 61636 | Elf:1    | Found Zaickual's Food Shoppe.
 61748 | Elf:1    | Noticed zhorgal's ghost (adept MiBe)
 61784 | Elf:1    | Killed zhorgal's ghost
 61921 | Elf:1    | Noticed Azrael
 61939 | Elf:1    | Killed Azrael
 62726 | Elf:1    | Received a gift from Okawaru
 62805 | Elf:1    | Cast into level 2 of the Abyss (a deep elf demonologist)
 62976 | Elf:1    | Escaped the Abyss
 63894 | Elf:2    | Learned a level 1 spell: Apportation
 63921 | Elf:2    | Found a runed gate.
 63921 | Elf:2    | Found a runed gate.
 63921 | Elf:2    | Found a runed gate.
 64659 | Elf:2    | Received a gift from Okawaru
 64862 | Elf:3    | Entered Level 3 of the Elven Halls
 65814 | Elf:3    | Reached XP level 23. HP: 287/306 MP: 39/39
 65850 | Elf:3    | Identified the amulet "Lyukowax" {Spirit +Fly MR+ Slay-6} (You took it off a deep elf death mage on level 3 of the Elven Halls)
 66611 | Elf:3    | Identified the ring "Iwyifen" {rElec rPois rC- MR+ Str+4} (You took it off a deep elf archer on level 3 of the Elven Halls)
 66612 | Elf:3    | Identified the cursed +1 flail of Idul Jaivo {vamp, rN++ Dex+4 SInv Stlth-} (You took it off a deep elf archer on level 3 of the Elven Halls)
 66641 | Elf:3    | Reached skill level 27 in Fighting
 66660 | Elf:3    | Received a gift from Okawaru
 66922 | Elf:3    | Identified the +8 mace of Conflict {elec, rPois rC+} (You took it off a deep elf mage on level 3 of the Elven Halls)
 66933 | Elf:3    | Identified the amulet of Yfocs {+Blink Regen+ Str-5 Int+5 Dex-4} (You took it off a deep elf annihilator on level 3 of the Elven Halls)
 66934 | Elf:3    | Identified the +0 mace of Qof Puli {crush, rF+ Int+4 Dex+3 Stlth+} (You took it off a deep elf annihilator on level 3 of the Elven Halls)
 67005 | Elf:3    | Identified the amulet of Lucidity {Spirit rPois Str+2 Int+3 Dex-5} (You took it off a deep elf mage on level 3 of the Elven Halls)
 67059 | Elf:3    | Identified the Reference Book on Good Luck and Poisoning
 67073 | Elf:3    | Identified the Almanac of Sinister Cold
 67078 | Elf:3    | Identified the Disquisition on Feathery Execration
 67082 | Elf:3    | Identified the Papyrus of the Flamy Rocks
 67086 | Elf:3    | Learned a level 2 spell: Passwall
 67089 | Elf:3    | Identified Sif Muna's Volume of the Compass and Flight
 67093 | Elf:3    | Learned a level 2 spell: Swiftness
 67553 | Vaults:5 | Entered Level 5 of the Vaults
 68325 | Vaults:4 | Got a scorched jade amulet
 68409 | Vaults:4 | Received a gift from Okawaru
 68501 | Vaults:5 | Noticed a golden dragon
 68658 | Vaults:5 | Noticed PeterMcNeter's ghost (veteran MiBe)
 68667 | Vaults:4 | Killed a golden dragon
 68667 | Vaults:4 | Reached XP level 24. HP: 200/324 MP: 37/39
 68763 | Vaults:4 | Gained mutation: You are resistant to hostile enchantments. (MR+) [a shining eye]
 69479 | Vaults:5 | Killed PeterMcNeter's ghost
 69588 | Vaults:5 | Identified the amulet "Xesur" {RegenMP rF+} (You took it off a yaktaur captain on level 4 of the Vaults)
 69697 | Vaults:5 | Received a gift from Okawaru
 69894 | Vaults:5 | Reached skill level 5 in Dodging
 70675 | Vaults:5 | Got a smoking zirconium amulet
 70747 | Vaults:5 | Identified the Grimoire of Hexes and Darkness
 70769 | Vaults:5 | Identified the Disquisition on Enthralling Boosts
 70786 | Vaults:5 | Reached skill level 15 in Armour
 71062 | Vaults:5 | Received a gift from Okawaru
 71113 | Vaults:5 | Found Lajif's Food Boutique.
 71157 | Vaults:5 | Found Anecedas's Food Emporium.
 71169 | Vaults:5 | Found Wakizephi's Food Shoppe.
 71281 | Vaults:5 | Got a silver rune of Zot
 71386 | Vaults:5 | Identified the amulet "Heinumuo" {RegenMP Str+2 Int+4} (You took it off a fire giant on level 5 of the Vaults)
 71402 | Vaults:5 | Got a faintly glowing ivory ring
 71406 | Vaults:5 | Identified the ring "Wuasegu" {Wiz *Slow Str+7 Dex+9 Stlth-} (You took it off a fire giant on level 5 of the Vaults)
 71681 | Depths:1 | Entered Level 1 of the Depths
 71725 | Depths:1 | Found a one-way gate leading to the halls of Pandemonium.
 71924 | Depths:1 | Reached XP level 25. HP: 266/334 MP: 36/39
 72514 | Depths:1 | Found a gateway to Hell.
 72722 | Depths:1 | Found a huge runed gate.
 72722 | Depths:1 | Found a huge runed gate.
 72723 | Depths:1 | Found a huge runed gate.
 72724 | Depths:1 | Found a huge runed gate.
 72728 | Depths:1 | Found a huge runed gate.
 72728 | Depths:1 | Found a huge runed gate.
 72729 | Depths:1 | Found a huge runed gate.
 72729 | Depths:1 | Found a huge runed gate.
 72729 | Depths:1 | Found a huge runed gate.
 72731 | Depths:1 | Found a huge runed gate.
 72736 | Depths:1 | Found a huge runed gate.
 72736 | Depths:1 | Found a huge runed gate.
 72736 | Depths:1 | Found a huge runed gate.
 72736 | Depths:1 | Found a huge runed gate.
 72736 | Depths:1 | Found a huge runed gate.
 72736 | Depths:1 | Found a huge runed gate.
 72736 | Depths:1 | Found a huge runed gate.
 72768 | Depths:1 | Found a huge runed gate.
 72873 | Depths:1 | Noticed a juggernaut
 72954 | Depths:1 | Killed a juggernaut
 73969 | Lair:6   | Found a staircase to the Slime Pits.
 74100 | Slime:1  | Entered Level 1 of the Pits of Slime
 74294 | Slime:1  | Received a gift from Okawaru
 74450 | Slime:5  | Entered Level 5 of the Pits of Slime
 74721 | Slime:5  | Found a viscous altar of Jiyva.
 74770 | Slime:5  | Received a gift from Okawaru
 74784 | Slime:5  | Noticed the Royal Jelly
 75389 | Slime:5  | Gained mutation: You are occasionally teleported next to monsters. [a shining eye]
 75394 | Slime:5  | Received a gift from Okawaru
 75702 | Lair:6   | Lost mutation: You have a pair of antennae on your head. [potion of mutation]
 75702 | Lair:6   | Lost mutation: You are occasionally teleported next to monsters. [potion of mutation]
 75702 | Lair:6   | Lost mutation: You have a pair of small antennae on your head. [potion of mutation]
 75702 | Lair:6   | Lost mutation: You are covered in fur. (AC +1) [potion of mutation]
 75702 | Lair:6   | Lost mutation: You are resistant to hostile enchantments. (MR+) [potion of mutation]
 75702 | Lair:6   | Gained mutation: Your spells are a little easier to cast, but a little less powerful. [potion of mutation]
 75702 | Lair:6   | Gained mutation: You expend magic power (3 MP) to strengthen your wands. [potion of mutation]
 75702 | Lair:6   | Gained mutation: Your magical capacity is low. (-10% MP) [potion of mutation]
 75702 | Lair:6   | Gained mutation: You possess an exceptional clarity of mind. [potion of mutation]
 78210 | Depths:2 | Reached XP level 26. HP: 328/341 MP: 35/35
 78254 | Depths:2 | Found Oniele's Distillery.
 78296 | Depths:2 | Bought a potion of haste for 100 gold pieces
 78296 | Depths:2 | Bought a potion of heal wounds for 50 gold pieces
 78332 | Depths:2 | Noticed Jorgrun
 78417 | Depths:2 | Noticed Bai Suzhen
 78434 | Depths:2 | Killed Bai Suzhen
 78645 | Depths:2 | Received a gift from Okawaru
 79116 | Depths:2 | Killed Jorgrun
 79618 | Depths:3 | Noticed Xtahua
 79647 | Depths:2 | Killed Xtahua
 80472 | Depths:3 | You fall through a shaft for 2 floors!
 80472 | Depths:5 | Entered Level 5 of the Depths
 80516 | Depths:4 | Found a one-way gate to the infinite horrors of the Abyss.
 80599 | Depths:4 | Received a gift from Okawaru
 80644 | Depths:4 | Received a gift from Okawaru
 81073 | Depths:4 | Reached XP level 27. HP: 280/351 MP: 33/35
 81116 | Depths:4 | Received a gift from Okawaru
 81278 | Depths:4 | Received a gift from Okawaru
 81282 | Depths:4 | Identified the +2 animal skin "Qupn" {rCorr Dex+3 Stlth+} (Okawaru gifted it to you on level 4 of the Depths)
 81374 | Depths:4 | Found Fisash's Distillery.
 81374 | Depths:4 | Found Meriteyd's Book Shop.
 81374 | Depths:4 | Found Kovies's Assorted Antiques.
 81374 | Depths:4 | Found Cucil's Assorted Antiques.
 81374 | Depths:4 | Noticed a juggernaut
 81394 | Depths:4 | Killed a juggernaut
 81401 | Depths:4 | Paralysed by a floating eye for 4 turns
 82077 | Depths:4 | Bought a potion of haste for 170 gold pieces
 82077 | Depths:4 | Bought a potion of heal wounds for 85 gold pieces
 82077 | Depths:4 | Bought a potion of heal wounds for 85 gold pieces
 82079 | Depths:4 | Bought a scroll of identify for 46 gold pieces
 82079 | Depths:4 | Bought a scroll of identify for 46 gold pieces
 82079 | Depths:4 | Bought a scroll of identify for 46 gold pieces
 82079 | Depths:4 | Bought a scroll of identify for 46 gold pieces
 82081 | Depths:4 | Bought the +10 morningstar "Eos" {elec, Halo rElec} for 2886 gold pieces
 82106 | Depths:4 | Paralysed by a floating eye for 4 turns
 82571 | Depths:5 | Noticed Jory
 82584 | Depths:5 | Killed Jory
 83089 | Depths:5 | Found a gate to the Realm of Zot.
 83233 | Depths:5 | Received a gift from Okawaru
 83428 | Depths:5 | Found a gateway to a ziggurat.
 83615 | Depths:5 | Voluntarily entered the Abyss.
 83615 | Abyss:1  | Found a transporter.
 83615 | Abyss:1  | Found a corrupted altar of Lugonu.
 83672 | Abyss:1  | Found a transporter.
 84006 | Abyss:1  | Found a corrupted altar of Lugonu.
 84183 | Abyss:1  | Found a hazy altar of Hepliaklqana.
 84873 | Abyss:1  | Found a corrupted altar of Lugonu.
 84981 | Abyss:1  | Paralysed by accursed screaming for 1 turns
 85155 | Abyss:1  | Paralysed by accursed screaming for 1 turns
 85474 | Abyss:2  | Found a corrupted altar of Lugonu.
 85498 | Abyss:2  | Found a corrupted altar of Lugonu.
 85635 | Abyss:2  | Received a gift from Okawaru
 85996 | Abyss:2  | Found a corrupted altar of Lugonu.
 86397 | Abyss:3  | Found an iron altar of Okawaru.
 86401 | Abyss:3  | Gained mutation: You are dopey. (Int -2) [a neqoxec]
 86402 | Abyss:3  | Gained mutation: You are very dopey. (Int -4) [a neqoxec]
 86405 | Abyss:3  | Lost mutation: You are robust. (+10% HP) [a neqoxec]
 86406 | Abyss:3  | Paralysed by you for 4 turns
 86477 | Abyss:3  | Reached skill level 27 in Throwing
 86563 | Abyss:3  | Received a gift from Okawaru
 86630 | Abyss:3  | Found a corrupted altar of Lugonu.
 86876 | Abyss:3  | Received a gift from Okawaru
 86997 | Abyss:3  | Got an abyssal rune of Zot
 87302 | Abyss:3  | Identified the ring "Riangain" {rPois Int+3 SInv} (You found it on level 3 of the Abyss)
 87316 | Abyss:3  | Paralysed by accursed screaming for 1 turns
 87322 | Abyss:3  | Paralysed by accursed screaming for 1 turns
 87481 | Depths:5 | Escaped the Abyss
 87681 | Depths:5 | Reached skill level 10 in Dodging
 87785 | Zot:1    | Entered Level 1 of the Realm of Zot
 87819 | Zot:1    | Received a gift from Okawaru
 88124 | Zot:1    | Received a gift from Okawaru
 88377 | Zot:1    | Received a gift from Okawaru
 88412 | Zot:1    | Received a gift from Okawaru
 88628 | Zot:1    | Identified the +3 giant club of Puimm {venom, MR++ Int-3 SInv} (Okawaru gifted it to you on level 1 of the Realm of Zot)
 89203 | Zot:2    | Received a gift from Okawaru
 89855 | Zot:3    | Received a gift from Okawaru
 90011 | Zot:3    | Noticed an orb of fire
 90014 | Zot:3    | Killed an orb of fire
 90014 | Zot:3    | Received a gift from Okawaru
 90479 | Zot:4    | Received a gift from Okawaru
 90489 | Zot:4    | Identified the +5 animal skin of Lies {Regen+ Int+7} (Okawaru gifted it to you on level 4 of the Realm of Zot)
 91227 | Zot:5    | Entered Level 5 of the Realm of Zot
 91331 | Zot:5    | Noticed an ancient lich
 91337 | Zot:5    | Killed an ancient lich
 91403 | Zot:5    | Noticed an orb of fire
 91403 | Zot:5    | Gained mutation: You are occasionally teleported next to monsters. [an orb of fire]
 91412 | Zot:5    | Killed an orb of fire
 91412 | Zot:5    | Received a gift from Okawaru
 91418 | Zot:5    | Identified the +1 flail "Padi" {freeze, *Slow rF+ MR+} (Okawaru gifted it to you on level 5 of the Realm of Zot)
 91718 | Zot:5    | Received a gift from Okawaru
 91729 | Zot:5    | Noticed an ancient lich
 91731 | Zot:5    | Killed an ancient lich
 91768 | Zot:5    | Noticed an orb of fire
 91772 | Zot:5    | Killed an orb of fire
 91945 | Zot:5    | Noticed an orb of fire
 91945 | Zot:5    | Noticed an orb of fire
 91947 | Zot:5    | Gained mutation: You are frail. (-10% HP) [an orb of fire]
 91949 | Zot:5    | Noticed an orb of fire
 91950 | Zot:5    | Gained mutation: Armour fits poorly on your strangely shaped body. [an orb of fire]
 91952 | Zot:5    | Gained mutation: Your spells are easier to cast, but less powerful. [an orb of fire]
 91956 | Zot:5    | Lost mutation: You possess an exceptional clarity of mind. [an orb of fire]
 91957 | Zot:5    | Killed an orb of fire
 91959 | Zot:5    | Gained mutation: Your body sometimes deteriorates upon taking damage. [an orb of fire]
 91961 | Zot:5    | Killed an orb of fire
 91961 | Zot:5    | Gained mutation: You are weak. (Str -2) [an orb of fire]
 91963 | Zot:5    | Gained mutation: You are clumsy. (Dex -2) [an orb of fire]
 91965 | Zot:5    | Gained mutation: You occasionally shout uncontrollably at your foes. [an orb of fire]
 91968 | Zot:5    | Gained mutation: Scrolls take you a little longer to read. [an orb of fire]
 91974 | Zot:5    | HP: 14/290 [tentacled monstrosity (7)]
 91974 | Zot:5    | Demolished by an Orb Guardian

Skill      XL: |  1  2  3  4  5  6  7  8  9 10 11 12 13 14 15 16 17 18 19 20 21 22 23 24 25 26 27 |
---------------+----------------------------------------------------------------------------------+-----
Fighting       | 3 4 5 6 8 10 13 15 19 21 22 26 27 | 27.0
Maces & Flails | 3 4 5 6 7 9 10 11 13 15 16 23 | 23.0
Throwing       | 8 11 15 18 19 22 27 | 27.0
Invocations    | 6 |  6.0
Armour         | 4 6 9 10 12 15 17 18 | 18.0
Spellcasting   | 4 9 12 | 12.5
Hexes          | 4 5 |  5.5
Charms         | 1 3 |  3.9
Shields        | 9 |  9.0
Necromancy     | 3 |  3.0
Translocations | 3 |  3.0
Dodging        | 6 12 | 12.4

Action                   |  1- 3 |  4- 6 |  7- 9 | 10-12 | 13-15 | 16-18 | 19-21 | 22-24 | 25-27 || total
-------------------------+-------+-------+-------+-------+-------+-------+-------+-------+-------++-------
Melee: Flail             |   132 |   184 |   333 |    86 |       |       |       |       |       ||   735
       Great mace        |       |       |       |   174 |       |       |       |       |       ||   174
       Kick              |       |       |       |   126 |    50 |       |       |       |       ||   176
       Morningstar       |       |       |       |   192 |  1369 |  1725 |  1266 |       |  1810 ||  6362
       Demon whip        |       |       |       |    15 |       |       |       |       |       ||    15
       Punch             |       |       |       |     2 |    13 |    15 |       |       |       ||    30
       Giant spiked club |       |       |       |       |       |       |    16 |       |       ||    16
       Eveningstar       |       |       |       |       |       |       |   407 |  1425 |  1409 ||  3241
       Mace              |       |       |       |       |       |       |       |     5 |       ||     5
Throw: Throwing net      |     5 |    10 |     2 |       |     2 |       |       |       |       ||    19
       Tomahawk          |       |       |       |    44 |    39 |       |       |       |    14 ||    97
       Large rock        |       |       |       |   113 |   213 |   157 |   199 |   204 |   552 ||  1438
       Javelin           |       |       |       |       |    27 |       |       |       |     3 ||    30
 Cast: Spectral Weapon   |       |       |       |       |       |    19 |   101 |    61 |   107 ||   288
       Regeneration      |       |       |       |       |       |     2 |     8 |     6 |    31 ||    47
       Shroud of Golubri |       |       |       |       |       |     6 |     8 |     7 |     4 ||    25
       Blink             |       |       |       |       |       |       |     4 |       |       ||     4
Invok: Heroism           |       |       |       |    10 |    51 |    50 |     6 |     4 |    17 ||   138
       Finesse           |       |       |       |       |     4 |     2 |       |     2 |     8 ||    16
Evoke: Wand              |       |       |     5 |       |       |       |       |     3 |     5 ||    13
  Use: Scroll            |     2 |     5 |     7 |    14 |    18 |    11 |    19 |    20 |    41 ||   137
       Potion            |     1 |     2 |     4 |     4 |     7 |     3 |     5 |     1 |     8 ||    35
 Stab: Held in net/web   |       |     4 |       |       |     1 |       |       |       |       ||     5
       Sleeping          |       |     1 |       |       |     4 |    12 |     6 |       |     1 ||    24
       Paralysed         |       |       |     2 |       |       |       |       |       |       ||     2
       Distracted        |       |       |       |       |     3 |     5 |     9 |     4 |    14 ||    35
  Eat: Chunk             |     1 |     7 |    13 |    25 |    35 |    16 |    11 |    13 |    17 ||   138
       Bread ration      |       |     1 |       |       |     1 |     4 |     2 |     2 |     6 ||    16
       Fruit             |       |       |     2 |     2 |     4 |     3 |     2 |     2 |       ||    15
       Royal jelly       |       |       |     1 |       |     2 |     3 |     2 |     2 |     4 ||    14
       Meat ration       |       |       |       |     1 |     1 |     2 |     3 |     2 |     4 ||    13
Armor: Robe              |    43 |    57 |    59 |    21 |       |       |       |       |       ||   180
       Skin              |       |    10 |    79 |     6 |    12 |       |       |       |       ||   107
       Troll leather arm |       |       |       |   168 |    81 |       |       |       |       ||   249
       Shadow dragon sca |       |       |       |       |   887 |  1149 |   728 |   447 |   322 ||  3533
       Fire dragon scale |       |       |       |       |       |       |     4 |    13 |       ||    17
       Storm dragon scal |       |       |       |       |       |       |       |       |   222 ||   222
       Gold dragon scale |       |       |       |       |       |       |       |       |  1024 ||  1024
Dodge: Dodged            |    89 |    99 |   140 |   222 |   608 |   592 |   333 |   223 |   957 ||  3263
Block: Other             |       |       |       |    91 |    32 |       |       |       |       ||   123
       Shield            |       |       |       |       |       |   733 |   973 |   825 |  2456 ||  4987
       Reflection        |       |       |       |       |       |       |    95 |    86 |   111 ||   292
